 Dungeon Crawl Stone Soup version 0.13-a0-2355-g3ca5c6e (webtiles) character file.

1303 Drahman the Nimble (level 8, -2/36 HPs)
             Began as a Felid Monk on July 12, 2013.
             Was an Elder of Nemelex Xobeh.
             Slain by a hill giant zombie (10 damage)
             ... on Level 7 of the Dungeon.
             The game lasted 00:33:27 (10006 turns).

Drahman the Nimble (Felid Monk)                    Turns: 10006, Time: 00:33:27

HP  -2/36        AC  3     Str  8      XL: 8   Next:  1%
MP  18/18        EV 26     Int 11      God: Nemelex Xobeh [****..]
Gold 293         SH  0     Dex 20      Spells:  0 memorised,  7 levels left
Lives: 0, deaths: 2

Res.Fire  : . . .   See Invis. : +     - Unarmed
Res.Cold  : . . .   Warding    : .   (armour unavailable)
Life Prot.: . . .   Conserve   : .   (shield unavailable)
Res.Poison: .       Res.Corr.  : .   (helmet unavailable)
Res.Elec. : .       Clarity    : .   (cloak unavailable)
Sust.Abil.: . .     Spirit.Shd : .   (gloves unavailable)
Res.Mut.  : .       Stasis     : .   (boots unavailable)
Res.Rott. : .       Flight     : .   (no amulet)
Saprovore : . . .                    h - cursed ring of flight
                                     n - cursed ring of invisibility

@: quick, somewhat resistant to hostile enchantments, extremely stealthy
A: paw claws, no armour, no advanced items, fangs 3, see invisible, carnivore 3,
speed 1, screaming 1, slow metabolism 1, AC +3
a: Draw One, Peek at Two, Triple Draw, Deal Four, Renounce Religion, Evoke
Invisibility, Evoke Flight


You were on level 7 of the Dungeon.
You worshipped Nemelex Xobeh.
Nemelex Xobeh was extremely pleased with you.
You were not hungry.

You visited 2 branches of the dungeon, and saw 8 of its levels.

You collected 309 gold pieces.

Inventory:

Comestibles
 b - a meat ration
Scrolls
 c - 3 scrolls of teleportation
 e - a scroll of blinking
 g - a scroll of random uselessness {unknown}
 k - a scroll of amnesia {unknown}
 p - 4 scrolls of identify
 q - a scroll of magic mapping
 t - a scroll of enchant weapon I {unknown}
 w - 3 scrolls of fear {unknown}
 C - 5 scrolls of remove curse
Jewellery
 f - a cursed ring of ice
 h - a cursed ring of flight (right paw)
 n - a cursed ring of invisibility (left paw)
Potions
 a - a potion of brilliance
 A - a potion of agility
 I - 2 potions of restore abilities


   Skills:
 + Level 5.8 Fighting
 + Level 8.5 Dodging
 + Level 8.2 Stealth
 + Level 6.0 Unarmed Combat
 + Level 5.9 Evocations


You had 7 spell levels left.
You didn't know any spells.

Dungeon Overview and Level Annotations

Branches:
Dungeon (7/27)             Temple (1/1) D:4
    Orc: D:6-11

Altars:
Ashenzari
Cheibriados
Elyvilon
Fedhas
Kikubaaqudgha
Nemelex Xobeh
Okawaru
Sif Muna
Trog
Vehumet
Xom
Yredelemnul
Zin
the Shining One

Portals:
Ziggurat: D:6 (10110 gp)

Annotations
D:7 Ijyb


Innate Abilities, Weirdness & Mutations

You cannot wear armour.
You are incapable of any advanced item manipulation.
Your paws have sharp claws.
You have razor-sharp teeth.
You have supernaturally acute eyesight.
You are carnivorous and can eat meat at any time.
You cover ground quickly.
You are covered in thick fur (AC +2).
You have a slow metabolism.
You are partially covered in molten scales (AC +1).
You occasionally shout uncontrollably.


Message History

* * * LOW HITPOINT WARNING * * *
The killer bee misses you.
You scratch the necrophage.
The necrophage is almost destroyed.
The killer bee closely misses you. The necrophage closely misses you.
You barely miss the necrophage.
The necrophage is almost destroyed.
The killer bee completely misses you. The hill giant zombie misses you.
The necrophage completely misses you. The killer bee completely misses you.
You scratch the necrophage.
The necrophage is almost destroyed.
The killer bee misses you. The necrophage misses you.
The hill giant zombie completely misses you.
The killer bee completely misses you.
You scratch the necrophage but do no damage.
The necrophage is almost destroyed.
The killer bee misses you. The necrophage misses you.
The hill giant zombie hits you!
You die...
Your body glows with a rainbow of weird colours and disappears.

........... ..>.
...............
....
...............
...
..............#
..
...............#
.
..............##
...............#
.......z........#
..?....n@......##
.......Zk.......#
........^......#
..
........>......#
.P
..............##
#.
...P..........#
#. ...
...).........# #.
#......
..8P......#.#####
##. #.......
.8......###....
#..


You could see a necrophage, a killer bee, a goliath beetle zombie and a hill
giant zombie.

Vanquished Creatures
  Edmund (D:6)
  A necrophage (D:7)
  2 black bears
  An orc warrior (D:6)
  2 ogres
  4 giant frogs
  A phantom (D:5)
  Sigmund (D:5)
  A wight (D:7)
  A killer bee (D:7)
  3 orc priests
  2 quasits
  4 hounds
  Crazy Yiuf (D:6)
  3 crimson imps
  3 orc wizards (D:5)
  5 worker ants
  2 iguanas
  2 jellies
  An ogre skeleton (D:4)
  Terence (D:2)
  6 mummies (D:7)
  3 gnolls (D:4)
  2 worker ant zombies (D:7)
  8 adders
  A worm zombie (D:5)
  A giant mite (D:5)
  A worm (D:2)
  An adder skeleton (D:5)
  4 giant geckos
  An ooze (D:7)
  15 orcs
  14 bats
  4 giant cockroaches
  10 goblins
  10 hobgoblins
  10 kobolds
  2 quokkas
  3 ball pythons
  A giant gecko skeleton (D:5)
  9 giant newts
  A goblin skeleton (D:4)
  A goblin zombie (D:5)
  A hobgoblin skeleton (D:4)
  13 rats
164 creatures vanquished.

Vanquished Creatures (others)
  An orc (D:7)
  A hobgoblin (D:7)
  A kobold (D:4)
  A plant (D:5)
4 creatures vanquished.

Grand Total: 168 creatures vanquished

Notes
Turn   | Place    | Note
--------------------------------------------------------------
     0 | D:1      | Drahman, the Felid Monk, began the quest for the Orb.
     0 | D:1      | Reached XP level 1. HP: 9/9 MP: 1/1
   201 | D:1      | Reached XP level 2. HP: 7/13 MP: 2/2
   883 | D:2      | Reached XP level 3. HP: 6/16 MP: 4/4
  1379 | D:2      | Found a snail-covered altar of Cheibriados.
  1379 | D:2      | Found a glowing silver altar of Zin.
  1455 | D:2      | Reached skill level 1 in Evocations
  1651 | D:2      | Reached skill level 5 in Dodging
  1651 | D:2      | Reached XP level 4. HP: 8/20 MP: 6/6
  1933 | D:2      | Noticed Terence
  1970 | D:2      | Killed Terence
  2778 | D:3      | Reached XP level 5. HP: 6/23 MP: 8/8
  3938 | D:4      | Found a staircase to the Ecumenical Temple.
  3954 | Temple   | Entered the Ecumenical Temple
  4109 | D:4      | Found a radiant altar of Vehumet.
  4156 | D:4      | Noticed a phantom
  4179 | D:5      | Entered Level 5 of the Dungeon
  4280 | D:5      | Noticed a phantom
  4845 | D:4      | HP: 1/24 [gnoll/glowing halberd (15)]
  4851 | D:4      | Noticed an ice beast
  4959 | D:4      | Gained mutation: You are covered in thick fur (AC +2). [growing up]
  4959 | D:4      | Reached XP level 6. HP: 27/27 MP: 11/11
  5034 | D:4      | Noticed an ogre
  5069 | D:4      | Killed an ogre
  5069 | D:4      | Reached skill level 5 in Stealth
  5130 | D:4      | Reached skill level 6 in Dodging
  5361 | D:5      | Gained mutation: You occasionally shout uncontrollably. [potion of mutation]
  5361 | D:5      | Gained mutation: You are partially covered in molten scales (AC +1). [potion of mutation]
  5361 | D:5      | Gained mutation: Your body is slowly deteriorating. [potion of mutation]
  5543 | D:5      | Noticed Sigmund
  5560 | D:5      | Killed Sigmund
  5719 | D:5      | Killed from afar by an orc priest
  5720 | D:5      | Reached XP level 5. HP: 0/24 MP: 9/9
  5748 | D:5      | Reached XP level 6. HP: 12/28 MP: 12/12
  6563 | D:5      | Found a sparkling altar of Nemelex Xobeh.
  6575 | D:5      | Became a worshipper of Nemelex Xobeh
  6575 | D:5      | Received a gift from Nemelex Xobeh
  6575 | D:5      | Acquired Nemelex Xobeh's first power
  6577 | D:5      | Killed a phantom
  6698 | D:5      | Acquired Nemelex Xobeh's second power
  6749 | D:5      | Reached XP level 7. HP: 27/31 MP: 15/15
  7249 | D:6      | Noticed Edmund
  7429 | D:6      | Killed Edmund
  7537 | D:6      | Reached skill level 7 in Dodging
  7539 | D:6      | Found a gateway to a ziggurat.
  7581 | D:6      | Reached skill level 5 in Fighting
  7581 | D:6      | Reached skill level 5 in Unarmed Combat
  7630 | D:6      | Noticed Crazy Yiuf
  7647 | D:6      | Killed Crazy Yiuf
  7649 | D:6      | Acquired Nemelex Xobeh's third power
  7666 | D:6      | Received a gift from Nemelex Xobeh
  7798 | D:6      | Found a white marble altar of Elyvilon.
  7860 | D:6      | Found an iron altar of Okawaru.
  7906 | D:6      | Reached XP level 8. HP: 31/36 MP: 18/18
  8439 | D:7      | Noticed Ijyb
  8447 | D:7      | Found an ancient bone altar of Kikubaaqudgha.
  8476 | D:7      | Reached skill level 5 in Evocations
  8785 | D:7      | Reached skill level 8 in Dodging
  8791 | D:7      | Acquired Nemelex Xobeh's fourth power
  8893 | D:7      | Received a gift from Nemelex Xobeh
  8899 | D:7      | Lost mutation: Your body is slowly deteriorating. [helix card]
  9986 | D:7      | Killed from afar by an orc priest
  9987 | D:7      | Reached XP level 7. HP: -3/32 MP: 17/17
  9997 | D:7      | Reached XP level 8. HP: 36/36 MP: 18/18
 10006 | D:7      | Slain by a hill giant zombie

Action                   |  1- 3 |  4- 6 |  7- 9 || total
-------------------------+-------+-------+-------++-------
Melee: Unarmed           |   113 |   356 |   280 ||   749
Invok: Draw One          |       |       |    20 ||    20
       Triple Draw       |       |       |     1 ||     1
  Use: Potion            |     2 |     4 |     9 ||    15
       Scroll            |       |    14 |     1 ||    15
 Stab: Sleeping          |     7 |     9 |     4 ||    20
       Distracted        |       |       |     1 ||     1
